 Dungeon Crawl Stone Soup version 0.31-a0-1169-gd935f9fcdc (webtiles) character file.

Game seed: 4873543630526249048

32 Mychaelh the Chopper (level 3, 0/29 HPs)
             Began as a Human Berserker on Dec 10, 2023.
             Was a Believer of Trog.
             Slain by an adder (1 damage)
             ... on level 3 of the Dungeon.
             The game lasted 00:11:13 (760 turns).

Mychaelh the Chopper (Human Berserker)               Turns: 760, Time: 00:11:16

Health: 0/29       AC:  2    Str: 19    XL:     3   Next: 45%
Magic:  3/3        EV: 12    Int:  7    God:    Trog [**....]
Gold:   40         SH:  0    Dex: 12    Spells: 2/2 levels left

rFire   . . .        a - +0 hand axe
rCold   + . .        (no shield)
rNeg    . . .        b - +0 animal skin
rPois   .            (no helmet)
rElec   .            (no cloak)
rCorr   +            (no gloves)
SInv    .            (no boots)
Will    .....        (no amulet)
Stlth   +            d - ring of protection from cold
HPRegen 0.24/turn    e - ring of resist corrosion
MPRegen 0.08/turn

%: no passive effects
@: lethally poisoned (0 -> -5)
A: no striking features
a: Renounce Religion, Berserk, Trog's Hand


You were on level 3 of the Dungeon.
You worshipped Trog.
Trog was pleased with you.
You visited 1 branch of the dungeon, and saw 3 of its levels.

You collected 40 gold pieces.

Inventory:

Hand Weapons
 a - a +0 hand axe (weapon)
 c - a +2 dagger of draining
Armour
 b - a +0 animal skin (worn)
Jewellery
 d - a ring of protection from cold (left hand)
 e - a ring of resist corrosion (right hand)
 k - a ring of flight
Scrolls
 j - a scroll of poison {unknown}
Potions
 f - a potion of mutation {unknown}
 g - a potion of curing {unknown}
 h - a potion of enlightenment {unknown}
 i - a potion of brilliance {unknown}


   Skills:
 + Level 3.5 Fighting
 + Level 3.5 Axes
 + Level 2.1 Armour
 + Level 2.2 Dodging


You had 2 spell levels left.
You didn't know any spells.
Your spell library was empty.

Dungeon Overview and Level Annotations

Branches:
Dungeon (3/15)

Altars:


Message History

You hit the dart slug.
You kill the dart slug!
Trog accepts your kill.
You open the door.
There is an open door here.
Found a blackened ruby ring.
k - a ring of flight
There is a stone staircase leading down here.
You climb downwards.
You hear the sound of rushing water.
There is an entrance to a sewer on this level.
Hurry and find it before the portal rusts away!
Found 8 gold pieces.
There is a stone staircase leading up here.
You now have 40 gold pieces (gained 8).
A quokka and an adder come into view.
The quokka misses you. The quokka completely misses you. The quokka bites you.
You barely miss the quokka. You completely miss the adder. The adder bites you.
The quokka bites you. The adder bites you.
You are poisoned.
The adder poisons you!
You hit the quokka but do no damage. You closely miss the adder.
You feel sick. The quokka closely misses you. The adder bites you.
You closely miss the quokka. You closely miss the adder.
You feel sick. The adder bites you.
* * * LOW HITPOINT WARNING * * *
You are lethally poisoned!
The adder poisons you! The quokka barely misses you.
The adder closely misses you.
The quokka bites you but does no damage.
You miss the adder. You hit the quokka.
* * * LOW HITPOINT WARNING * * *
You feel sick. The adder completely misses you. The quokka closely misses you.
You closely miss the adder. You hit the quokka.
You kill the quokka!
Trog accepts your kill.
* * * LOW HITPOINT WARNING * * *
You feel very sick. The adder bites you.
You die...

#.# #.# # #.#
.# # #.### .#
..
####...###.##.#
#.............#
#.<........#
#.......@..#
#......S†..#
#..........#
#.............
##.............
#..............
#####..........
#..........


You could see an adder.

Vanquished Creatures
  3 dart slugs
  4 ball pythons
  2 endoplasms (D:2)
  2 giant cockroaches (D:1)
  3 hobgoblins
  A quokka (D:3)
  5 bats (D:1)
  2 frilled lizards (D:1)
  2 kobolds
  3 rats (D:1)
27 creatures vanquished.

Notes
Turn   | Place    | Note
-------+----------+-------------------------------------------
     0 | D:1      | Mychaelh the Human Berserker began the quest for the Orb.
     0 | D:1      | Reached XP level 1. HP: 18/18 MP: 1/1
   142 | D:1      | Reached XP level 2. HP: 22/24 MP: 2/2
   319 | D:1      | Reached XP level 3. HP: 29/29 MP: 3/3
   696 | D:2      | Reached ** piety under Trog
   760 | D:3      | HP: 1/29 [poisoned by an adder]
   760 | D:3      | Slain by an adder

Illustrated notes

Levels and vault maps discovered:
D:1:      saegor_arrival_simple_a, layout_loops_ring
D:2:      layout_basic
D:3:      layout_basic, portal_sewer_entry_f

Action                     || total
---------------------------++-------
  Melee: Dagger            ||     9
         Hand axe          ||    77
   Stab: Sleeping          ||     1
 Armour: Animal skin       ||    50
  Dodge: Dodged            ||    68

Table legend: (Time is in decaauts)
 A = Elapsed time spent in this place.
 B = Non-inter-level travel time spent in this place.
 C = Inter-level travel time spent in this place.
 D = Time resting spent in this place.
 E = Time spent auto-exploring this place.
 F = Levels seen in this place.
 G = Mean time per level.
                   A        B        C        D        E       F      G
               +--------+--------+--------+--------+--------+-----+--------+
         Total |    767 |    767 |      0 |      0 |      0 |   3 |  255.7 |
       Dungeon |    767 |    767 |      0 |      0 |      0 |   3 |  255.7 |
               +--------+--------+--------+--------+--------+-----+--------+

Top non-repeatable levels by time:
     D:1: 479 daAuts
     D:2: 273 daAuts
     D:3: 15 daAuts
